 Dungeon Crawl Stone Soup version 0.23-a0-650-ga4d50d4 (console) character file.

9 Duffy the Firebug (level 2, 19/19 HPs)
             Began as a Demonspawn Fire Elementalist on Jan 6, 2019.
             Quit the game on level 1 of the Dungeon.
             The game lasted 00:00:31 (698 turns).

Duffy the Firebug (Demonspawn Fire Elementalist)     Turns: 698, Time: 00:00:31

Health: 19/19      AC:  3    Str:  8    XL:     2   Next: 3%
Magic:  5/5        EV: 12    Int: 16    God:
Gold:   21         SH:  0    Dex: 13    Spells: 4/5 levels left

rFire    . . .     SeeInvis .   (no weapon)
rCold    . . .     Gourm    .   (no shield)
rNeg     . . .     Faith    .   a - +0 robe
rPois    .         Spirit   .   (no helmet)
rElec    .         Reflect  .   (no cloak)
rCorr    .         Harm     .   (no gloves)
MR       .....                  d - +0 pair of boots
Stlth    ++........             (no amulet)
HPRegen  0.06/turn              (no ring)
MPRegen  0.09/turn              (no ring)

@: no status effects
A: hooves 1
a: no special abilities


You were on level 1 of the Dungeon.
You were not hungry.

You visited 1 branch of the dungeon, and saw 1 of its levels.

You collected 21 gold pieces.

Inventory:

Armour
 a - a +0 robe (worn)
 d - a +0 pair of boots (worn)
Scrolls
 b - 3 scrolls of identify {unknown}
 e - a scroll of random uselessness {unknown}
 f - a scroll of magic mapping {unknown}
 h - a scroll of fear {unknown}
 i - a scroll of enchant armour {unknown}
Potions
 g - a potion of haste {unknown}
Comestibles
 c - 4 rations


   Skills:
 - Level 1.7 Dodging
 - Level 1.7 Stealth
 + Level 2.2 Spellcasting
 + Level 1.3 Conjurations
 + Level 2.9 Fire Magic


You had 4 spell levels left.
You knew the following spells:

 Your Spells              Type           Power        Failure   Level  Hunger
h - Flame Tongue          Conj/Fire      #....        9%          1    #......

Your spell library contained the following spells:

 Spells                   Type           Power        Failure   Level  Hunger
 Throw Flame              Conj/Fire      #.....       13%         2    ###....
 Conjure Flame            Conj/Fire      #.......     26%         3    ###....
 Inner Flame              Hex/Fire       #.......     32%         3    ###....
 Sticky Flame             Conj/Fire      #.......     63%         4    #####..
 Fireball                 Conj/Fire      #.........   93%         5    ######.


Dungeon Overview and Level Annotations

Branches:
Dungeon (1/15)

Altars:


Innate Abilities, Weirdness & Mutations

You have large cloven feet.


Message History

You have reached level 2!
Your demonic ancestry asserts itself...
Your feet thicken and deform.
Your magical contamination has completely faded away.
Some of the chunks of flesh in your inventory have rotted away.
Things that are here:
a +0 club; 2 stones You now have 21 gold pieces (gained 15).
h - a scroll labeled ZIFFEU XUHAFIO
i - a scroll labeled RAYNLU WOMOAF
Things that are here:
a +0 club; 2 stones
c - 3 rations (gained 1)
c - 4 rations (gained 1) All of the chunks of flesh in your inventory have rotted away.
Found 15 stones.
f - a scroll labeled LIEPPY UHIMOCS Are you sure you want to abandon this character and quit the game? (Confirm
Okay, then.
Are you sure you want to abandon this character and quit the game? (Confirm

#.#..# #.# ##.7 #.#..#
#.# 7 #(#..# #.# .7
#.#..#####.# .#
#.#.....##.. ..#
#.##.#...... 7(7
#.##.#..##.#777P.7
#......(##.77P..7
#.........777@PP7
######(#.#####7...P77
#......).# 7P...7
#.####.#######7.P7.7.#
#.# #........7.P77#.#
#.# ##########..# #.#
#.# ##.# #.# #.# #.#
#.###### #.#
#.###.#.....


There were no monsters in sight!

Vanquished Creatures
  A dart slug (D:1)
  A bat (D:1)
  2 jackals (D:1)
  A frilled lizard (D:1)
  A goblin (D:1)
  A kobold (D:1)
7 creatures vanquished.

Notes
Turn   | Place    | Note
-------+----------+-------------------------------------------
     0 | D:1      | Duffy the Demonspawn Fire Elementalist began the quest for
                  | the Orb.
     0 | D:1      | Reached XP level 1. HP: 13/13 MP: 3/3
   536 | D:1      | Gained mutation: You have large cloven feet. [demonic
                  | ancestry]
   536 | D:1      | Reached XP level 2. HP: 12/19 MP: 0/5
   698 | D:1      | Quit the game

Vault maps used:
D:1:      dpeg_arrival_rooms_c, serial_forest, infiniplex_forest_clump_double,
          infiniplex_forest_clump_C, infiniplex_forest_diagonal,
          infiniplex_forest_zigzag_2, infiniplex_forest_straight_2,
          infiniplex_forest_straight_2, infiniplex_forest_lined_3,
          minmay_heptomino_d4

Action                   || total
-------------------------++-------
Melee: Unarmed           ||    22
 Cast: Flame Tongue      ||    12
Armor: Robe              ||     6
Dodge: Dodged            ||    19

Table legend:
 A = Non-vault XP
 B = Vault XP
 C = Vault XP percentage of total XP
 D = Non-vault monster count
 E = Vault monster count
 F = Vault count percentage of total count
                 A         B        C        D         E       F
            +---------+---------+-------+---------+---------+-------
      Total |      13 |       0 |   0.0 |       7 |       0 |   0.0
            +---------+---------+-------+---------+---------+-------
        D:1 |      13 |       0 |   0.0 |       7 |       0 |   0.0
            +---------+---------+-------+---------+---------+-------
